Map: Chantier naval orbital

Players

Wrath

  • Race: Zerg Zerg

AgCl - Winner!

  • Race: Protoss Protoss

VOD

Have the link to the VOD?

Description

Time

  • Played on: May 24, 2015, 8:15 p.m.
  • Length: 10:46
Show
View Real Time Build Order
Export as new Build Order

Wrath Zerg 

Build Orders: Hatch First 

Get SALT Encoding   

  12  0:01  Drone  
  13  0:11  Drone  
  14  0:20  Extractor  
  13  0:24  Drone, Extractor  
  13  0:25  Drone  
  16  0:49  Extractor  
  15  0:50  Hatchery  
  15  0:53  Overlord  
  14  0:58  Drone, Extractor  
  15  1:13  Spawning Pool  
  15  1:16  Drone  
  15  1:35  Drone x3  
  18  1:51  Drone  
  19  1:59  Overlord  
  19  2:14  Queen x2  
  19  2:15  Metabolic Boost  
  23  2:18  Zergling x2  
  23  2:19  Zergling x2  
  25  2:40  Drone  
  25  2:41  Drone x5  
  31  2:52  Overlord x2  
  31  3:10  Drone x2  
  33  3:15  Drone x2  
  35  3:28  Lair  
  35  3:29  Drone x2  
  35  3:30  Drone x4  
  35  3:33  Drone x3  
  44  3:35  Drone  
  44  3:40  Extractor  
  44  3:44  Overlord  
  44  3:57  Spore Crawler  
  44  3:59  Spore Crawler  
  42  4:08  Drone  
  42  4:09  Drone x10  
  53  4:12  Extractor  
  52  4:18  Evolution Chamber  
  51  4:30  Hydralisk Den  
  50  4:34  Overlord  
  50  4:35  Overlord x4  
  50  4:50  Zerg Ground Armor Level 1  
  50  4:56  Queen  
  52  5:00  Muscular Augments  
  52  5:03  Overlord  
  52  5:04  Hatchery  
  51  5:14  Hydralisk x2  
  51  5:15  Hydralisk  
  51  5:20  Extractor  
  56  5:22  Overlord x2  
  56  5:44  Spire  
  54  5:53  Drone x8  
  54  5:54  Drone x6  
  67  6:05  Hydralisk x4  
  67  6:08  Hydralisk  
  77  6:14  Overlord  
  77  6:15  Overlord  
  77  6:17  Extractor  
  76  6:21  Drone x2  
  76  6:22  Extractor  
  77  6:31  Drone  
  77  6:32  Drone x5  
  83  6:39  Overseer  
  83  6:45  Drone x3  
  83  6:46  Drone  
  87  6:47  Spore Crawler  
  97  7:12  Zerg Flyer Weapons Level 1  
  92  7:18  Mutalisk x7  
  100  7:23  Overseer  
  100  7:32  Zergling x4  
  100  7:33  Mutalisk x2, Zergling x2  
  107  7:49  Infestation Pit  
  106  8:24  Hydralisk x14  
  106  8:25  Hydralisk  
  136  8:27  Hatchery, Extractor x2  
  133  9:01  Overseer  
  130  9:09  Spine Crawler  
  129  9:15  Spine Crawler  
  124  9:49  Queen  
  126  10:00  Extractor  
  126  10:02  Extractor  
  126  10:04  Hatchery  
Show
View Real Time Build Order
Export as new Build Order

AgCl Protoss - Winner!

Build Orders: Carrier Rush 

Get SALT Encoding   

  12  0:17  Pylon  
  12  0:31  Assimilator  
  12  0:35  Probe (Chrono Boost)  
  12  0:37  Gateway  
  13  0:48  Probe (Chrono Boost)  
  14  0:55  Probe (Chrono Boost)  
  15  1:05  Probe (Chrono Boost)  
  15  1:07  Pylon  
  16  1:17  Probe (Chrono Boost)  
  17  1:24  Probe (Chrono Boost)  
  18  1:34  Cybernetics Core, Probe (Chrono Boost)  
  19  1:46  Probe (Chrono Boost)  
  20  1:50  Assimilator  
  20  1:53  Probe (Chrono Boost)  
  21  2:03  Probe  
  22  2:13  Stargate  
  22  2:15  Probe (Chrono Boost)  
  23  2:26  Warp Gate  
  23  2:27  Probe (Chrono Boost)  
  24  2:33  Probe (Chrono Boost)  
  25  2:38  Nexus  
  25  2:44  Probe (Chrono Boost)  
  26  2:56  Probe (Chrono Boost)  
  27  3:03  Fleet Beacon  
  27  3:04  Probe (Chrono Boost)  
  28  3:16  Probe (Chrono Boost)  
  29  3:34  Pylon  
  29  3:38  Pylon  
  29  3:44  Carrier (Chrono Boost)  
  29  3:48  Pylon  
  29  3:53  Probe (Chrono Boost), Assimilator  
  32  3:57  Mothership Core (Chrono Boost)  
  33  4:02  Probe (Chrono Boost)  
  33  4:06  Pylon  
  39  4:10  Probe  
  39  4:13  Probe  
  41  4:21  Assimilator  
  41  4:22  Probe  
  42  4:26  Probe, Gateway  
  43  4:34  Probe  
  45  4:38  Probe  
  44  4:46  Probe (Chrono Boost)  
  44  4:48  Stargate  
  46  4:56  Probe (Chrono Boost)  
  46  4:58  Probe (Chrono Boost), Twilight Council  
  47  5:04  Probe (Chrono Boost)  
  47  5:05  Probe (Chrono Boost)  
  47  5:06  Graviton Catapult  
  49  5:13  Protoss Air Weapons Level 1  
  49  5:18  Probe (Chrono Boost)  
  49  5:19  Probe (Chrono Boost)  
  49  5:20  Carrier (Chrono Boost)  
  51  5:24  Probe  
  51  5:26  Probe  
  59  5:37  Probe (Chrono Boost)  
  60  5:44  Probe (Chrono Boost)  
  60  5:47  Probe (Chrono Boost)  
  61  5:50  Carrier (Chrono Boost)  
  61  5:52  Probe (Chrono Boost)  
  61  5:54  Probe  
  61  5:56  Zealot  
  71  6:05  Probe  
  71  6:06  Probe  
  73  6:18  Probe x2  
  74  6:21  Forge  
  75  6:30  Probe, Nexus  
  76  6:38  Pylon  
  76  6:43  Carrier (Chrono Boost)  
  76  6:47  Pylon  
  76  6:56  Probe x2  
  76  7:00  Dark Shrine  
  84  7:04  Protoss Ground Weapons Level 1 (Chrono Boost)  
  84  7:08  Probe x2  
  84  7:13  Pylon  
  84  7:15  Shield Upgrade  
  88  7:16  Phoenix (Chrono Boost)  
  88  7:20  Probe  
  89  7:25  Protoss Air Weapons Level 2 (Chrono Boost)  
  89  7:26  Assimilator  
  89  7:29  Probe  
  90  7:32  Assimilator  
  90  7:33  Probe  
  90  7:35  Photon Cannon  
  91  7:37  Pylon  
  91  7:39  Photon Cannon  
  91  7:41  Probe  
  92  7:45  Probe  
  92  7:47  Carrier (Chrono Boost)  
  93  7:52  Probe  
  93  7:53  Probe  
  93  7:57  Probe  
  96  8:02  Templar Archives  
  96  8:04  Probe  
  96  8:05  Photon Cannon  
  97  8:10  Probe  
  104  8:27  Pylon, Charge  
  104  8:29  Probe, Carrier (Chrono Boost)  
  104  8:31  Dark Templar  
  104  8:32  Zealot  
  109  8:37  Probe  
  114  8:50  Photon Cannon  
  114  8:52  Carrier (Chrono Boost)  
  114  8:54  Pylon  
  112  8:57  Pylon  
  112  9:06  Psionic Storm  
  118  9:18  Carrier (Chrono Boost)  
  118  9:24  Adept x2  
  115  9:26  Nexus  
  115  9:28  Assimilator  
  117  9:40  Probe, Gateway  
  117  9:41  Gateway  
  117  9:44  Gateway  
  116  9:53  Dark Templar x2  
  116  9:57  Probe  
  116  9:59  Probe  
  124  10:18  Probe (Chrono Boost)  
  123  10:24  Nexus  
  123  10:27  Assimilator  
  123  10:30  Probe (Chrono Boost)  
  123  10:31  Assimilator  
  123  10:33  Pylon  
  123  10:35  Probe (Chrono Boost)  
  125  10:42  Gateway  
  125  10:43  Pylon  
  125  10:44  Gateway  
Tags
 
Add a new tag
Caveats
  • Supply blocks, unpowered buildings, or Contaminate may cause inaccurate times.
  • Supply counts are checked every 10 seconds.